 Dungeon Crawl Stone Soup version 0.25-a0-496-g8c4878dea3 (webtiles) character file.

Game seed: 13990798074093289649, levelgen mode: deterministic

62090 ICC the Blocker (level 15, -3/79 HPs)
             Began as a Vine Stalker Fighter on Feb 12, 2020.
             Was an Elder of Wu Jian.
             Killed from afar by a wretched star (10 damage)
             ... with a lance of force
             ... on level 5 of the Abyss.
             The game lasted 01:29:54 (13220 turns).

ICC the Blocker (Vine Stalker Fighter)             Turns: 13220, Time: 01:29:55

Health: -3/79      AC: 29    Str: 22      XL:     15   Next: 5%
Magic:  0/32       EV:  4    Int: 10 (16) God:    Wu Jian [****..]
Gold:   880        SH: 15    Dex: 15      Spells: 32/38 levels left

rFire    . . .     SeeInvis .   z - +2 rapier (venom)
rCold    + + .     Gourm    .   u - +2 kite shield {rC+}
rNeg     . . .     Faith    .   L - +2 crystal plate armour
rPois    .         Spirit   +   r - +2 helmet {Int+3}
rElec    .         Reflect  .   (no cloak)
rCorr    +         Harm     .   e - +1 pair of gloves {Str+3}
MR       +....                  (no boots)
Stlth    ..........             D - amulet of magic regeneration
HPRegen  1.03/turn              n - ring of protection from cold
MPRegen  0.48/turn              g - ring of resist corrosion

@: very slightly contaminated, invisible
A: fangs 3, regeneration 2, magic shield, antimagic bite, no potion heal 3, rot
immunity
a: Wall Jump, Serpent's Lash, Renounce Religion


You were on level 5 of the Abyss.
You worshipped Wu Jian.
Wu Jian was greatly pleased with you.
You were not hungry.

You visited 2 branches of the dungeon, and saw 16 of its levels.
You visited the Abyss 1 time.
You also visited: Sewer and Bailey.

You collected 1099 gold pieces.
You spent 219 gold pieces at shops.

Inventory:

Hand Weapons
 w - a +4 dagger of speed
 z - a +2 rapier of venom (weapon)
Missiles
 j - 10 silver boomerangs (quivered)
 t - 13 silver javelins
Armour
 e - a +1 pair of gloves of strength (worn)
 r - a +2 helmet of intelligence (worn)
 u - a +2 kite shield of cold resistance (worn)
 L - a +2 crystal plate armour (worn)
Jewellery
 g - a ring of resist corrosion (right hand)
 n - a ring of protection from cold (left hand)
 y - an uncursed ring of protection from cold
 D - an amulet of magic regeneration (around neck)
 I - an uncursed ring of wizardry
 J - the ring "Gaalontu" {Ice *Slow rElec Dex+4}
   (You found it on level 4 of the Abyss)

   [ring of ice]

   It enhances your ice magic.
   It affects your dexterity (+4).
   It makes you vulnerable to fire.
   It protects you from cold.
   It insulates you from electricity.
   It may slow you when you take damage.
Wands
 m - a wand of digging (1)
 o - a wand of enslavement (3)
 H - a wand of paralysis (1)
Scrolls
 a - 2 scrolls of fog
 b - 2 scrolls of amnesia
 h - 3 scrolls of enchant armour
 i - 6 scrolls of teleportation
 k - 5 scrolls of enchant weapon
 l - 2 scrolls of fear
 x - 3 scrolls of blinking
 B - 5 scrolls of remove curse
 C - 4 scrolls of torment
 E - 3 scrolls of magic mapping
 G - 2 scrolls of summoning
 K - a scroll of silence
 M - a scroll of identify
Potions
 c - a potion of lignification
 d - 2 potions of might
 p - 2 potions of mutation
 q - 2 potions of flight
 s - 7 potions of curing
 A - 4 potions of haste
 F - 3 potions of brilliance
Miscellaneous
 v - a fan of gales
Comestibles
 f - 30 rations


   Skills:
 - Level 9.0 Fighting
 - Level 10.1 Short Blades
 + Level 11.2 Armour
 * Level 12.4 Shields
 - Level 12.1 Spellcasting


You had 32 spell levels left.
You knew the following spells:

 Your Spells              Type           Power        Failure   Level  Hunger
a - Deflect Missiles      Chrm/Air       #.........   100%        6    #######

Your spell library contained the following spells:

 Spells                   Type           Power        Failure   Level  Hunger
 Confusing Touch          Hex            #.......     100%        3    ##.....
 Gell's Gravitas          Tloc           #.........   100%        3    ##.....
 Cause Fear               Hex            #.........   100%        4    ####...
 Petrify                  Tmut/Erth      #.......     100%        4    ####...
 Metabolic Englaciation   Hex/Ice        #.........   100%        5    #####..
 Silence                  Hex/Air        #.........   100%        5    #####..
 Yara's Violent Unravell  Hex/Tmut       #.........   100%        5    #####..
 Discord                  Hex            #.........   100%        8    #######


Dungeon Overview and Level Annotations

Branches:
Dungeon (15/15)            Temple (1/1) D:7            Lair (0/6) D:11
    Orc (0/2) D:9          Vaults (0/5) D:14         Depths (0/5) D:15
  Sewer (visited)          Bailey (visited)

Altars:
Ashenzari
Cheibriados
Dithmenos
Elyvilon
Fedhas
Gozag
Hepliaklqana
Kikubaaqudgha
Makhleb
Nemelex Xobeh
Okawaru
Qazlal
Ru
Sif Muna
Trog
Uskayaw
Vehumet
Wu Jian
Xom
Yredelemnul
Zin
The Shining One

Shops:
D:6 ?   D:9 (   D:12 (

Annotations:
D:10 dig vault
D:12 3 runed translucent doors, feta's ghost, journeyman BaIE


Innate Abilities, Weirdness & Mutations

You have razor-sharp teeth.
You heal very quickly.
When hurt, damage is shared between your health and your magic reserves.
Your bite disrupts and absorbs the magic of your enemies.
Potions cannot restore your health.
You are immune to rotting.


Message History

* * * LOW HITPOINT WARNING * * *
The neqoxec gestures at you.
You feel dopey. Something feeds on your intellect!
You can move again.
Unknown command.
Okay, then.
A starcursed mass splits. x2
Press: ? - help, v - describe, . - travel A gateway leading out of the Abyss.
Unknown command.
You feel less exhausted.
A starcursed mass splits. x2
A wretched star comes into view.
A starcursed mass splits. x3
A starcursed mass splits. x2
A worldbinder comes into view.
The wretched star glows turbulently.
The lance of force hits you!
You die...

.........XXX#G...†...
........X.X3##X.≈≈≈†.
...#....X4#X##X≈8≈.#
..x...#.XXEX.######
......[..XXuX.#...#.
#...§≈≈≈≈#≈#≈X...# #
..#≈........#..### #.
#.§≈°#○x#≈.§# .#
.§.§#○@○..#§§##..#
#≈.§.○§#≈#.#.# # .#
#.≈.#.≈#∩≈#.≈.# .#.
#§§ #.##*.≈ ≈.# .≈≈
..≈≈ ≈.# .#≈≈≈###. ..
##. ## #


You could see 7 starcursed masses, a purple very ugly thing, a wretched star, an
ancient zyme, an earth elemental and a worldbinder.

Vanquished Creatures
  An Executioner (Abyss:4)
  Kirke (D:15)
  Agnes (D:15)
  A tentacled starspawn (Abyss:2)
  A cacodemon (Abyss:2)
  Louise (D:14)
  An ironheart preserver (D:14)
  2 very ugly things (Abyss:2)
  An ettin (D:15)
  A fire dragon (D:13)
  A great orb of eyes (Abyss:2)
  2 rakshasas (Abyss:4)
  2 hydras
  7 two-headed ogres
  3 centaur warriors
  A death knight (D:14)
  2 ogre magi (D:15)
  3 hell hogs (Abyss:2)
  A tengu warrior (D:15)
  Urug (D:13)
  A wretched star (Abyss:2)
  2 unseen horrors (D:14)
  2 spatial maelstroms
  A glowing orange brain (Abyss:5)
  An orc knight (Bailey)
  A mana viper (Abyss:2)
  2 ugly things
  5 manticores
  A worldbinder (Abyss:2)
  5 cyclopes
  A centaur zombie (D:14)
  An orange demon (Abyss:2)
  2 smoke demons
  A gargoyle (D:13)
  A komodo dragon (D:13)
  A yaktaur (D:15)
  An ancient zyme (Abyss:4)
  2 freezing wraiths (D:14)
  A hellwing (Abyss:2)
  A demonic crawler (Abyss:2)
  6 trolls
  A tengu conjurer (D:14)
  Grinder (D:6)
  7 large abominations
  Prince Ribbit (D:8)
  10 slime creatures
  2 raiju
  4 hippogriffs
  A shadow (Abyss:2)
  A centaur simulacrum (D:15)
  2 vampires (D:11)
  3 wyverns
  A yak (shapeshifter) (D:14)
  Sigmund (D:2)
  An ice dragon skeleton (Abyss:2)
  3 wraiths
  4 hogs (D:15)
  A hog (shapeshifter) (D:13)
  2 humans (D:9)
  A hungry ghost (D:10)
  2 chaos spawn
  Edmund (D:6)
  2 spatial vortices (Abyss:2)
  6 vampire mosquitoes
  5 insubstantial wisps (Abyss:4)
  2 spiny frog zombies (Abyss:4)
  An acid dragon (D:13)
  2 water moccasins
  12 orc warriors
  A phantom (D:9)
  An eye of draining (Abyss:2)
  3 ice beasts
  4 sky beasts
  5 ogres
  11 centaurs
  2 crocodiles
  2 big kobolds
  7 bullfrogs
  A wyvern skeleton (D:7)
  5 small abominations
  20 killer bees
  A water moccasin skeleton (D:8)
  7 scorpions
  18 wights
  3 howler monkeys
  2 crimson imps
  2 quasits
  12 starcursed masses (Abyss:2)
  2 hounds (D:14)
  5 jellies
  2 bullfrog skeletons (D:5)
  A bullfrog zombie (D:12)
  3 orc priests
  4 centaur skeletons
  An iron imp (Abyss:4)
  Jessica (D:2)
  4 iguanas
  8 orc wizards
  12 worker ants
  A killer bee zombie (D:6)
  A hound zombie (D:7)
  A worker ant zombie (D:10)
  Robin (D:3)
  A howler monkey zombie (D:5)
  3 gnolls (D:6)
  3 river rats
  19 adders
  4 shadow imps
  A white imp (Abyss:2)
  An ufetubus (Abyss:2)
  2 oozes (D:1)
  3 worms
  A dart slug (D:1)
  5 leopard geckos
  57 orcs
  11 bats
  8 giant cockroaches
  16 goblins
  10 hobgoblins
  5 jackals
  14 kobolds
  5 quokkas
  5 ball pythons
  7 frilled lizards
  7 rats
495 creatures vanquished.

Vanquished Creatures (others)
  A golden eye (Abyss:4)
  A human (D:15)
  4 orc warriors
  A bullfrog (D:8)
  A hound (D:8)
  2 orcs
  A lurking horror (Abyss:2)
  4 starspawn tentacles (Abyss:2)
15 creatures vanquished.

Grand Total: 510 creatures vanquished

Notes
Turn   | Place    | Note
-------+----------+-------------------------------------------
     0 | D:1      | ICC the Vine Stalker Fighter began the quest for the Orb.
     0 | D:1      | Reached XP level 1. HP: 11/11 MP: 2/2
   132 | D:1      | Reached XP level 2. HP: 15/16 MP: 2/4
   163 | D:1      | Reached skill level 1 in Spellcasting
   212 | D:1      | Reached XP level 3. HP: 11/20 MP: 4/6
   741 | D:2      | Gained mutation: Your natural rate of healing is unusually
                  | fast. [Vine Stalker growth]
   741 | D:2      | Reached XP level 4. HP: 23/24 MP: 5/7
   754 | D:2      | Found a shadowy altar of Dithmenos.
   760 | D:2      | Noticed Jessica
   767 | D:2      | Killed Jessica
  1060 | D:2      | Reached XP level 5. HP: 20/28 MP: 5/9
  1070 | D:2      | Noticed Sigmund
  1126 | D:2      | Killed Sigmund
  1126 | D:2      | Reached XP level 6. HP: 26/32 MP: 9/11
  1774 | D:3      | Noticed Robin
  1801 | D:3      | Killed Robin
  2193 | D:4      | Reached XP level 7. HP: 36/36 MP: 13/13
  2279 | D:4      | Found a glowing drain.
  2329 | Sewer    | Entered a sewer
  2458 | Sewer    | Found a white marble altar of Elyvilon.
  2740 | D:4      | You fall into a shaft and drop 1 floor!
  2740 | D:5      | Entered Level 5 of the Dungeon
  2745 | D:5      | Reached skill level 5 in Short Blades
  2745 | D:5      | Reached skill level 5 in Spellcasting
  2761 | D:5      | Gained mutation: You have razor-sharp teeth. [Vine Stalker
                  | growth]
  2761 | D:5      | Reached XP level 8. HP: 32/40 MP: 16/16
  3755 | D:6      | Noticed Grinder
  3771 | D:6      | Reached XP level 9. HP: 35/44 MP: 18/20
  3774 | D:6      | Found Pupugax's Magic Scroll Emporium.
  3785 | D:6      | Killed Grinder
  3819 | D:6      | Bought a scroll of identify for 22 gold pieces
  3819 | D:6      | Bought a scroll of remove curse for 33 gold pieces
  3819 | D:6      | Bought a scroll of enchant weapon for 82 gold pieces
  3819 | D:6      | Bought a scroll of torment for 82 gold pieces
  3898 | D:6      | Noticed Edmund
  3950 | D:6      | Killed Edmund
  4551 | D:7      | Found a staircase to the Ecumenical Temple.
  4560 | Temple   | Entered the Ecumenical Temple
  4672 | Temple   | Became a worshipper of the Wu Jian Council
  5516 | D:8      | Noticed Prince Ribbit
  5531 | D:8      | Killed Prince Ribbit
  5671 | D:8      | Reached XP level 10. HP: 40/49 MP: 20/23
  6076 | D:8      | Found a shimmering altar of Xom.
  6156 | D:9      | Noticed a two-headed ogre
  6181 | D:9      | Killed a two-headed ogre
  6192 | D:9      | Reached * piety under Wu Jian
  6229 | D:9      | Found an iron altar of Okawaru.
  6343 | D:9      | Reached skill level 5 in Armour
  6367 | D:9      | Found a staircase to the Orcish Mines.
  6368 | D:9      | Found Petog Cerch's Weapon Emporium.
  7109 | D:10     | Entered Level 10 of the Dungeon
  7343 | D:10     | Reached XP level 11. HP: 44/54 MP: 25/25
  7602 | D:10     | Noticed a two-headed ogre
  7624 | D:10     | Killed a two-headed ogre
  7624 | D:10     | Reached skill level 10 in Short Blades
  7692 | D:10     | Reached skill level 10 in Spellcasting
  7886 | D:11     | Noticed a cyclops
  7893 | D:11     | Killed a cyclops
  7893 | D:11     | Reached skill level 5 in Fighting
  8063 | D:11     | Noticed a cyclops
  8073 | D:11     | Killed a cyclops
  8105 | D:11     | Found a staircase to the Lair.
  8143 | D:11     | Reached ** piety under Wu Jian
  8528 | D:12     | Found a runed translucent gate.
  8528 | D:12     | Noticed a cyclops
  8586 | D:12     | Killed a cyclops
  8606 | D:12     | Found Jigif's Weapon Boutique.
  8819 | D:12     | Noticed a manticore
  8831 | D:12     | Killed a manticore
  8836 | D:12     | Noticed a fire giant
  8837 | D:12     | Found the +10 morningstar "Eos" {elec, Halo rElec}
  8837 | D:12     | Noticed a four-headed hydra
  8838 | D:12     | Noticed feta's ghost (journeyman BaIE)
  8838 | D:12     | Noticed a manticore
  8839 | D:12     | Noticed a five-headed hydra
  8844 | D:12     | Found a runed translucent gate.
  8844 | D:12     | Found a runed translucent gate.
  8844 | D:12     | Noticed a storm dragon
  8880 | D:12     | Reached *** piety under Wu Jian
  9005 | D:12     | Gained mutation: You heal very quickly. [Vine Stalker
                  | growth]
  9005 | D:12     | Reached XP level 12. HP: 23/62 MP: 22/28
  9206 | D:13     | Noticed a two-headed ogre
  9218 | D:13     | Killed a two-headed ogre
  9305 | D:13     | Noticed a centaur warrior
  9315 | D:13     | Killed a centaur warrior
  9316 | D:13     | Noticed a seven-headed hydra
  9326 | D:13     | Killed a seven-headed hydra
  9388 | D:13     | Found a flagged portal.
  9397 | Bailey   | Entered a bailey
  9417 | Bailey   | Reached **** piety under Wu Jian
  9775 | D:13     | Noticed Urug
  9805 | D:13     | Killed Urug
  9948 | D:13     | Noticed a fire dragon
  9961 | D:13     | Killed a fire dragon
 10138 | D:13     | Reached skill level 5 in Shields
 10509 | D:14     | Reached XP level 13. HP: 66/69 MP: 26/30
 10625 | D:14     | Learned a level 6 spell: Deflect Missiles
 10732 | D:14     | Noticed Louise
 10749 | D:14     | Found a gate to the Vaults.
 10749 | D:14     | Noticed an ironheart preserver
 10769 | D:14     | Killed an ironheart preserver
 10967 | D:14     | Killed Louise
 11180 | D:14     | Identified a scroll of acquirement
 11181 | D:14     | Identified the +3 demon trident of the Sun {vamp, +Inv}
                  | (You acquired it on level 14 of the Dungeon)
 11449 | D:15     | Entered Level 15 of the Dungeon
 11526 | D:15     | Noticed Agnes
 11577 | D:15     | Killed Agnes
 11720 | D:15     | Noticed Kirke
 11733 | D:15     | Killed Kirke
 11745 | D:15     | Noticed an ettin
 11765 | D:15     | Killed an ettin
 11775 | D:15     | Noticed an ogre mage
 11784 | D:15     | Killed an ogre mage
 11784 | D:15     | Reached XP level 14. HP: 59/75 MP: 31/31
 11790 | D:15     | Reached skill level 10 in Armour
 11810 | D:15     | Reached skill level 10 in Shields
 11823 | D:15     | Found a staircase to the Depths.
 11840 | D:15     | Cast into level 2 of the Abyss (a wizard)
 12247 | Abyss:2  | Reached ***** piety under Wu Jian
 12345 | Abyss:2  | Noticed a tentacled starspawn
 12362 | Abyss:2  | Noticed a starcursed mass
 12372 | Abyss:2  | Paralysed by accursed screaming for 1 turns
 12383 | Abyss:2  | Killed a tentacled starspawn
 12436 | Abyss:2  | Noticed a starcursed mass
 12623 | Abyss:2  | Noticed a starcursed mass
 12671 | Abyss:2  | Noticed a starcursed mass
 12675 | Abyss:2  | Noticed a cacodemon
 12712 | Abyss:2  | Noticed a purple very ugly thing
 12717 | Abyss:2  | Noticed a purple very ugly thing
 12728 | Abyss:2  | Killed a red very ugly thing
 12729 | Abyss:2  | Killed a purple very ugly thing
 12754 | Abyss:2  | Killed a cacodemon
 12785 | Abyss:3  | Found a corrupted altar of Lugonu.
 12898 | Abyss:4  | Got a scintillating ivory ring
 12900 | Abyss:4  | Identified the ring "Gaalontu" {Ice *Slow rElec Dex+4} (You
                  | found it on level 4 of the Abyss)
 13002 | Abyss:4  | Noticed an Executioner
 13014 | Abyss:4  | Killed an Executioner
 13084 | Abyss:4  | Reached XP level 15. HP: 62/79 MP: 32/32
 13181 | Abyss:4  | Noticed a bone dragon
 13189 | Abyss:5  | Entered Level 5 of the Abyss
 13200 | Abyss:5  | Paralysed by accursed screaming for 1 turns
 13206 | Abyss:5  | Paralysed by accursed screaming for 1 turns
 13215 | Abyss:5  | Paralysed by accursed screaming for 1 turns
 13215 | Abyss:5  | HP: 1/79 [purple very ugly thing (6)]
 13220 | Abyss:5  | Killed from afar by a wretched star

Levels and vault maps discovered:
D:1:      lemuel_arrival_behind_the_door_large, layout_rooms,
          grunt_decor_clamped, palyth_stone_intersect, minmay_crystal_water,
          minmay_pentomino_p2
D:2:      layout_basic, nicolae_dithmenos_shadow_blocks, patterned_corridor,
          uniq_sigmund, uniq_jessica
D:3:      layout_basic, first_ration, uniq_robin
D:4:      layout_loops_corners, portal_sewer_entry_a, chequers_garden,
          hangedman_decor_peaks_small
D:5:      layout_cave_pools
D:6:      layout_loops_cross, serial_shops, shop, chequers_serial_rivers_room_b,
          uniq_grinder, uniq_edmund
D:7:      layout_basic, minmay_temple_entry_overgrown, grunt_ogre_cave
D:8:      layout_loops_cross, minmay_misc_feat_nine_boxes, xom_confusion_cloud,
          uniq_prince_ribbit1
D:9:      layout_basic, orc_david_3, serial_co_window_serial,
          co_window_of_opportunity_a, co_window_paths_a, co_window_paths_b,
          co_window_paths_a, co_window_paths_b, co_window_broadway_a,
          co_window_of_opportunity_b, co_window_unsneaky_path_b,
          co_window_broadway_c, co_window_sun, okawaru_humans
D:10:     layout_basic, due_unseen_surprise
D:11:     layout_gridville, lair_entry_dummy, minmay_crystal_room
D:12:     layout_rooms, serial_shops, shop, gammafunk_ghost_split,
          chequers_serial_rivers_room_b
D:13:     layout_long_grid, enter_bailey_1, uniq_urug
D:14:     layout_loops_ring, skrybe_vaults_entry_preservation, uniq_louise
D:15:     hangedman_depths_entry_civil_slaughter, layout_irregular_city,
          chequers_serial_rivers_small_a, fedhas_altar_2, uniq_azrael,
          uniq_kirke, uniq_agnes
Temple:   roderic_octagonal_lattice_temple
Abyss:5:  base: D:2, guppyfry_abyss_exit_spiral_guarded, due_exit_kobolds,
          doesnt_abyss_rune_brain_food, minivault_26

Skill      XL: |  1  2  3  4  5  6  7  8  9 10 11 12 13 14 |
---------------+-------------------------------------------+-----
Short Blades   | 2 3 4 5 6 8 9 10 | 10.1
Spellcasting   | 1 2 3 5 7 8 9 11 12 | 12.1
Fighting       | 3 4 6 8 9 |  9.0
Shields        | 3 4 5 9 12 | 12.4
Armour         | 4 5 7 8 9 11 | 11.2

Action                   |  1- 3 |  4- 6 |  7- 9 | 10-12 | 13-15 || total
-------------------------+-------+-------+-------+-------+-------++-------
Melee: Rapier            |     7 |       |       |   125 |   415 ||   547
       Dagger            |    77 |   189 |   189 |  1260 |  1040 ||  2755
       Bite              |    21 |    58 |   154 |   495 |   559 ||  1287
       Long sword        |       |       |   253 |       |       ||   253
Throw: Stone             |     3 |       |       |       |       ||     3
       Dart              |       |     5 |     5 |    14 |       ||    24
       Javelin           |       |       |     1 |     8 |     3 ||    12
       Throwing net      |       |       |     1 |     4 |     1 ||     6
       Boomerang         |       |       |     1 |    13 |     4 ||    18
Invok: Lunge             |       |       |     5 |    91 |    67 ||   163
       Whirlwind         |       |       |       |   122 |   311 ||   433
       Wall Jump         |       |       |       |    13 |    13 ||    26
       Serpent's Lash    |       |       |       |     3 |     8 ||    11
       Heavenly Storm    |       |       |       |       |     1 ||     1
Evoke: Wand              |       |       |       |     3 |     1 ||     4
  Use: Scroll            |     5 |       |     5 |    13 |     4 ||    27
       Potion            |       |       |     2 |     4 |     2 ||     8
 Stab: Held in net/web   |       |       |       |     6 |       ||     6
       Invisible         |       |       |       |     7 |       ||     7
  Eat: Chunk             |       |     4 |    13 |    24 |     4 ||    45
       Ration            |       |       |       |       |     1 ||     1
Armor: Scale mail        |    25 |    46 |   136 |       |       ||   207
       Plate armour      |       |       |    65 |   215 |       ||   280
       Leather armour    |       |       |       |     1 |       ||     1
       Crystal plate arm |       |       |       |    64 |   379 ||   443
Dodge: Dodged            |    21 |    49 |   136 |   100 |    31 ||   337
Block: Kite shield       |    21 |       |       |    56 |   334 ||   411
       Buckler           |       |    25 |    35 |    46 |       ||   106
       Rpst.: Long sword |       |       |    36 |       |       ||    36

Table legend:
 A = Non-vault XP
 B = Vault XP
 C = Vault XP percentage of total XP
 D = Non-vault monster count
 E = Vault monster count
 F = Vault count percentage of total count
                 A         B        C        D         E       F
            +---------+---------+-------+---------+---------+-------
      Total |   69588 |   19112 |  21.5 |     412 |      83 |  16.8
            +---------+---------+-------+---------+---------+-------
        D:1 |      54 |       2 |   3.6 |      25 |       1 |   3.8
        D:2 |     106 |     249 |  70.1 |      25 |       2 |   7.4
        D:3 |     127 |      32 |  20.1 |      27 |       9 |  25.0
        D:4 |     516 |      32 |   5.8 |      11 |       5 |  31.2
        D:5 |     873 |       0 |   0.0 |      22 |       0 |   0.0
        D:6 |     826 |     457 |  35.6 |      22 |       2 |   8.3
        D:7 |     800 |     121 |  13.1 |      18 |       1 |   5.3
        D:8 |     629 |     344 |  35.4 |       7 |       2 |  22.2
        D:9 |    1849 |     792 |  30.0 |      17 |       9 |  34.6
       D:10 |    3039 |       0 |   0.0 |      21 |       0 |   0.0
       D:11 |    2961 |       0 |   0.0 |      33 |       0 |   0.0
       D:12 |    6095 |       0 |   0.0 |      31 |       0 |   0.0
       D:13 |    9155 |     851 |   8.5 |      50 |       1 |   2.0
       D:14 |    7647 |    5974 |  43.9 |      21 |      10 |  32.3
       D:15 |    5381 |    8083 |  60.0 |      12 |      11 |  47.8
    Abyss:2 |   21620 |       0 |   0.0 |      50 |       0 |   0.0
    Abyss:3 |     248 |       0 |   0.0 |       1 |       0 |   0.0
    Abyss:4 |    7662 |       0 |   0.0 |      19 |       0 |   0.0
    Abyss:5 |       0 |     688 | 100.0 |       0 |       1 | 100.0
      Sewer |       0 |     124 | 100.0 |       0 |      12 | 100.0
     Bailey |       0 |    1363 | 100.0 |       0 |      17 | 100.0
            +---------+---------+-------+---------+---------+-------
